 Dungeon Crawl Stone Soup version 0.27-a0-660-g90476cec82 (webtiles) character file.

Game seed: 8966524437334137594

61 theanonym the Gusty (level 3, -3/24 HPs)
             Began as a Mummy Air Elementalist on Mar 16, 2021.
             Slain by a centaur zombie (7 damage)
             ... on level 2 of the Dungeon.
             The game lasted 00:03:42 (1932 turns).

theanonym the Gusty (Mummy Air Elementalist)        Turns: 1932, Time: 00:03:42

Health: -3/24      AC:  2    Str: 11    XL:     3   Next: 83%
Magic:  2/7        EV: 12    Int: 15    God:
Gold:   66         SH:  0    Dex: 12    Spells: 1/7 levels left

rFire    x . .     SeeInvis .   f - +2 short sword (drain)
rCold    + . .     Faith    .   (no shield)
rNeg     + + +     Spirit   .   a - +0 robe
rPois    ∞         Reflect  .   (no helmet)
rElec    .         Harm     .   (no cloak)
rCorr    .         Rampage  .   (no gloves)
Will     .....                  (no boots)
Stlth    ++........             (no amulet)
HPRegen  0.08/turn              (no ring)
MPRegen  0.10/turn              (no ring)

@: swift, quick
A: cold resistance 1, negative energy resistance 3, torment resistance 2,
unbreathing 1, heat vulnerability 1, no potions
a: no special abilities


Innate Abilities, Weirdness & Mutations

You are immune to poison.
Your flesh is cold resistant. (rC+)
You are immune to negative energy. (rN+++)
You are immune to unholy pain and torment.
You can survive without breathing.
You are vulnerable to heat. (rF-)
You do not drink.


   Skills:
 - Level 1.5 Dodging
 - Level 1.5 Stealth
 - Level 2.6 Spellcasting
 - Level 0.7 Conjurations
 + Level 4.0 Air Magic


You had one spell level left.
You knew the following spells:

 Your Spells              Type           Power      Damage    Failure   Level
a - Shock                 Conj/Air       36%        1d5       8%          1
b - Static Discharge      Conj/Air       9%         N/A       24%         3
s - Swiftness             Air            14%        N/A       6%          2

Your spell library contained the following spells:

 Spells                   Type           Power      Damage    Failure   Level
 Airstrike                Air            7%         N/A       36%         4
 Lightning Bolt           Conj/Air       4%         1d16      91%         5

Skill      XL: |  1  2  3 |
---------------+----------+-----
Air Magic      | 3 4 |  4.0
Dodging        | |  1.5
Stealth        | |  1.5
Spellcasting   | |  2.6
Conjurations   | |  0.7

Action                   || total
-------------------------++-------
Melee: Unarmed           ||    26
       Dagger            ||    17
       Short sword       ||    10
 Cast: Shock             ||    86
       Swiftness         ||     1
  Use: Scroll            ||     1
Armor: Robe              ||    19
Dodge: Dodged            ||    52

Inventory:

Hand Weapons
 f - a +2 short sword of draining (weapon)
Armour
 a - a +0 robe (worn)
 d - a +0 kite shield
Scrolls
 e - a scroll of identify {unknown}
 y - a scroll of magic mapping


You were on level 2 of the Dungeon.
You visited 1 branch of the dungeon, and saw 2 of its levels.

You collected 66 gold pieces.

Dungeon Overview and Level Annotations

Branches:
Dungeon (2/15)

Altars:

,,,,,,.............†........,,*,,
******#.#.###..##.†..†.†....,,,,*
* *,*,#†..###.##########**,** *
*,*.[.#.....# ***,**
*******,#..###..### *,,,**
**>,,,,,...###..# *,****
,,,****,##......## **,* ** ****
**,,#......Z### *,,* *, *
****,,,#.###..@..# ***,****, *
*,,,,,,#,* ###...#*****,,,,,,,,
***,,,**,,,****###....,,*,**,,,,,
,,,,,***,,,,,,,,,*..##..,,,,,,,,,
,*,,,,,,<,,,,,,,,**...,*****,,,,,
,,,,****,,,,,,,,,**#..#*****,,,,,
,,,,,,,,,,,,,,,,,,,*....,,**,,,,,
,,,,,,,,,,,,,,,,,*,,,...,,*******
,,******,,,,,,,,,***,,,,,,*


You could see a centaur zombie.

Notes
Turn   | Place    | Note
-------+----------+-------------------------------------------
     0 | D:1      | theanonym the Mummy Air Elementalist began the quest for
                  | the Orb.
     0 | D:1      | Reached XP level 1. HP: 13/13 MP: 4/4
   478 | D:1      | Reached skill level 3 in Air Magic
   478 | D:1      | Reached XP level 2. HP: 15/19 MP: 0/5
   835 | D:1      | HP: 9/19 [goblin/+0 club (2)]
  1014 | D:1      | Learned a level 2 spell: Swiftness
  1069 | D:1      | HP: 6/19 [hobgoblin/+0 club (5)]
  1097 | D:1      | HP: 7/19 [dart slug (1)]
  1101 | D:1      | Reached XP level 3. HP: 8/24 MP: 1/7
  1532 | D:1      | Learned a level 3 spell: Static Discharge
  1834 | D:2      | Reached skill level 4 in Air Magic
  1919 | D:2      | HP: 9/24 [centaur zombie (6)]
  1919 | D:2      | HP: 3/24 [centaur zombie (6)]
  1932 | D:2      | Slain by a centaur zombie

Vanquished Creatures
  An adder (D:2)
  An ooze (D:1)
  A dart slug (D:1)
  2 leopard geckos (D:1)
  4 giant cockroaches
  6 goblins
  5 hobgoblins
  6 jackals (D:1)
  5 bats
  3 frilled lizards
  4 kobolds
  2 rats (D:1)
40 creatures vanquished.

Vanquished Creatures (others)
  39 plants
39 creatures vanquished.

Grand Total: 79 creatures vanquished

Table legend: (Time is in decaauts)
 A = Elapsed time spent in this place.
 B = Non-inter-level travel time spent in this place.
 C = Inter-level travel time spent in this place.
 D = Time resting spent in this place.
 E = Time spent auto-exploring this place.
 F = Levels seen in this place.
 G = Mean time per level.
                   A        B        C        D        E       F      G
               +--------+--------+--------+--------+--------+-----+--------+
         Total |   1940 |   1927 |     13 |    845 |    789 |   2 |  970.0 |
       Dungeon |   1940 |   1927 |     13 |    845 |    789 |   2 |  970.0 |
               +--------+--------+--------+--------+--------+-----+--------+

Top non-repeatable levels by time:
     D:1: 1783 daAuts
     D:2: 157 daAuts
